 Dungeon Crawl Stone Soup version 0.21.0-3-g78d12a8bdd (webtiles) character file.

10175 Jannitor the Fighter (level 11, -5/99 HPs)
             Began as a Purple Draconian Fighter on Jan 14, 2018.
             Was a Priest of Makhleb.
             Slain by a seven-headed hydra (6 damage)
             ... on level 1 of the Lair of Beasts.
             The game lasted 00:26:03 (14114 turns).

Jannitor the Fighter (Purple Draconian Fighter)    Turns: 14114, Time: 00:26:04

Health: -5/99      AC:  7    Str: 19    XL:     11   Next: 32%
Magic:  14/14      EV: 16    Int:  8    God:    Makhleb [***...]
Gold:   447        SH: 12    Dex: 14    Spells: 10/10 levels left

rFire    . . .     SeeInvis .   c - +1 long sword (holy)
rCold    + . .     Gourm    .   b - +1 shield
rNeg     . . .     Faith    .   (armour unavailable)
rPois    +         Spirit   .   (helmet restricted)
rElec    .         Reflect  .   (no cloak)
rCorr    .         Harm     .   (no gloves)
MR       +....                  (no boots)
Stlth    +.........             (no amulet)
HPRegen  0.26/turn              f - ring of protection from cold
MPRegen  0.14/turn              j - ring of poison resistance

@: no status effects
A: breathe power, unfitting armour, cold-blooded, AC +7
a: Breathe Dispelling Energy, Minor Destruction, Lesser Servant of Makhleb,
Renounce Religion


You were on level 1 of the Lair of Beasts.
You worshipped Makhleb.
Makhleb was most pleased with you.
You were hungry.

You visited 3 branches of the dungeon, and saw 13 of its levels.

You collected 447 gold pieces.

Inventory:

Hand Weapons
 a - a +1 long sword
 c - a +1 long sword of holy wrath (weapon)
 D - a +1 scimitar
Armour
 b - a +1 shield (worn)
Jewellery
 f - a ring of protection from cold (left hand)
 j - a ring of poison resistance (right hand)
 y - an uncursed ring of ice
 z - a +3 ring of protection {unknown}
 C - an uncursed ring of protection from cold
Wands
 q - a wand of flame (2)
 r - a wand of iceblast (10)
 s - a wand of paralysis (8)
Scrolls
 e - 4 scrolls of teleportation
 k - 21 scrolls of identify
 l - 2 scrolls of enchant weapon
 m - 5 scrolls of remove curse
 o - 2 scrolls of enchant armour
 w - a scroll of immolation
Potions
 n - a potion of cancellation {unknown}
 p - 6 potions of curing
 t - a potion of brilliance
 v - a potion of resistance
 x - a potion of magic {unknown}
Books
 g - a book of Maledictions

   Spells                             Type                      Level
   a - Corona                         Hexes                        1
   b - Ensorcelled Hibernation        Hexes/Ice                    2
   c - Confuse                        Hexes                        3
   d - Tukima's Dance                 Hexes                        3
   e - Dazzling Spray                 Conjuration/Hexes            3
 h - a book of Conjurations

   Spells                             Type                      Level
   a - Magic Dart                     Conjuration                  1
   b - Searing Ray                    Conjuration                  2
   c - Dazzling Spray                 Conjuration/Hexes            3
   d - Fulminant Prism                Conjuration/Hexes            4
   e - Force Lance                    Conjuration/Translocation    4
   f - Iskenderun's Mystic Blast      Conjuration                  4
 u - a Young Poisoner's Handbook

   Spells                             Type                      Level
   a - Sting                          Conjuration/Poison           1
   b - Poisonous Vapours              Poison/Air                   2
   c - Mephitic Cloud                 Conjuration/Poison/Air       3
   d - Olgreb's Toxic Radiance        Poison                       4
   e - Venom Bolt                     Conjuration/Poison           5
 E - a book of Cantrips

   Spells                             Type                      Level
   a - Confusing Touch                Hexes                        1
   b - Animate Skeleton               Necromancy                   1
   c - Summon Small Mammal            Summoning                    1
   d - Apportation                    Translocation                1
Comestibles
 d - 12 rations


   Skills:
 + Level 9.9 Fighting
 + Level 8.8 Long Blades
 + Level 8.3 Dodging
 + Level 9.1 Shields
 * Level 5.1 Invocations
 + Level 2.9 Evocations


You had 10 spell levels left.
You didn't know any spells.

Dungeon Overview and Level Annotations

Branches:
Dungeon (11/15)            Temple (1/1) D:7            Lair (1/6) D:9
    Orc: D:9-12

Altars:
Elyvilon
Fedhas
Gozag
Kikubaaqudgha
Makhleb
Nemelex Xobeh
Vehumet
Wu Jian
Yredelemnul
The Shining One
Beogh

Shops:
D:6 [

Annotations:
D:5 subsebi's ghost, novice DsCK
D:6 Menkaure


Innate Abilities, Weirdness & Mutations

You can breathe bolts of dispelling energy.
Your rich purple scales are hard. (AC +7)
You cannot fit into any form of body armour.
You are cold-blooded and may be slowed by cold attacks.


Message History

The six-headed hydra bites you.
* * * LOW HITPOINT WARNING * * *
Your smoke demon gestures at the six-headed hydra.
The six-headed hydra is smitten.
Your hellwing hits the six-headed hydra. x2
You lop one of the six-headed hydra's heads off!
The five-headed hydra grows two more!
You hit the seven-headed hydra.
The seven-headed hydra is severely wounded.
The seven-headed hydra closely misses you.
The seven-headed hydra bites you.
* * * LOW HITPOINT WARNING * * *
The seven-headed hydra bites you.
* * * LOW HITPOINT WARNING * * *
The seven-headed hydra bites you!
* * * LOW HITPOINT WARNING * * *
The seven-headed hydra completely misses you.
The seven-headed hydra bites you!
* * * LOW HITPOINT WARNING * * *
The seven-headed hydra bites you.
You die...

##.........P.P ..# #.#
#.......#PP..# #..# ##.#
##......###..# #..# #..#
#......# #..# #..# ##.##
#......# #..# #..# #..#
#......# #..# #..## #D##
#......###..###...####.#
#......##...##.4..##.#.####..
##............†.@D.............
.......<........3.(............
#####.###P.##.###.P#########.#.
### ####### #### #


You could see a seven-headed hydra, a friendly hellwing and a friendly smoke
demon.

Vanquished Creatures
  A centaur warrior (D:9)
  A two-headed ogre (D:9)
  Pikel (D:8)
  Joseph (D:7)
  A spiny frog (Lair:1)
  2 trolls (D:9)
  A hippogriff (D:10)
  A hornet (D:8)
  Grinder (D:3)
  A wyvern (D:9)
  A yak (D:9)
  2 hungry ghosts (D:7)
  A water moccasin (D:8)
  A porcupine (D:9)
  2 slaves (D:8)
  2 black bears
  5 orc warriors
  An ice beast (D:5)
  3 sky beasts
  A necrophage (D:8)
  10 ogres
  3 phantoms
  5 centaurs
  A crocodile (Lair:1)
  A big kobold (D:10)
  6 bullfrogs
  2 gnoll sergeants (D:9)
  3 scorpions
  5 wights
  5 howler monkeys
  5 crimson imps
  A bullfrog zombie (D:7)
  8 hounds
  2 jellies
  3 centaur skeletons
  7 orc wizards
  Jessica (D:3)
  9 orc priests
  3 iguanas
  2 worker ants
  A hound zombie (D:6)
  A hound skeleton (D:3)
  A worker ant zombie (D:10)
  14 adders
  19 gnolls
  3 shadow imps
  3 oozes
  2 adder zombies
  An adder skeleton (D:6)
  2 dart slugs (D:2)
  6 leopard geckos
  45 orcs
  8 bats
  10 giant cockroaches
  6 goblins
  5 hobgoblins
  11 jackals
  3 quokkas
  A ball python (D:5)
  4 frilled lizards
  A jackal skeleton (D:4)
  13 kobolds
  A leopard gecko zombie (D:5)
  7 rats
  A fungus (D:2)
281 creatures vanquished.

Vanquished Creatures (collateral kills)
  6 yaks (D:10)
6 creatures vanquished.

Vanquished Creatures (others)
  A fungus (D:9)
1 creature vanquished.

Grand Total: 288 creatures vanquished

Notes
Turn   | Place    | Note
-------+----------+-------------------------------------------
     0 | D:1      | Jannitor the Draconian Fighter began the quest for the Orb.
     0 | D:1      | Reached XP level 1. HP: 19/19 MP: 1/1
    78 | D:1      | Reached XP level 2. HP: 26/26 MP: 2/2
   646 | D:1      | Reached XP level 3. HP: 26/31 MP: 3/3
   960 | D:2      | Found a blossoming altar of Fedhas.
  1781 | D:3      | Reached XP level 4. HP: 40/40 MP: 4/4
  1847 | D:3      | Noticed Jessica
  1854 | D:3      | Killed Jessica
  2115 | D:3      | Reached XP level 5. HP: 43/46 MP: 5/5
  2721 | D:3      | Noticed Grinder
  2728 | D:3      | Killed Grinder
  2728 | D:3      | Reached XP level 6. HP: 29/55 MP: 6/6
  3029 | D:4      | Noticed an orc warrior
  3039 | D:3      | Reached skill level 5 in Fighting
  3368 | D:3      | Your scales start taking on a rich purple colour.
  3368 | D:3      | Reached XP level 7. HP: 61/61 MP: 7/7
  3632 | D:4      | Reached skill level 5 in Shields
  4440 | D:5      | Entered Level 5 of the Dungeon
  4572 | D:5      | Found an opulent altar of Gozag.
  4708 | D:5      | Reached skill level 5 in Long Blades
  4708 | D:5      | Reached skill level 5 in Dodging
  4708 | D:5      | Reached XP level 8. HP: 46/70 MP: 8/8
  5348 | D:5      | Noticed subsebi's ghost (novice DsCK)
  5728 | D:6      | Noticed Menkaure
  6167 | D:6      | Found Nampym Tuasch's Armour Shop.
  6864 | D:7      | Noticed Joseph
  6895 | D:7      | Killed Joseph
  7073 | D:7      | Reached XP level 9. HP: 79/79 MP: 9/9
  7312 | D:7      | Found a staircase to the Ecumenical Temple.
  7319 | Temple   | Entered the Ecumenical Temple
  7333 | Temple   | Became a worshipper of Makhleb the Destroyer
  8186 | D:6      | Reached * piety under Makhleb
  9138 | D:8      | Noticed Pikel
  9166 | D:8      | Killed Pikel
  9166 | D:8      | Reached XP level 10. HP: 36/89 MP: 10/10
 10627 | D:8      | Reached skill level 1 in Invocations
 10826 | D:8      | Reached ** piety under Makhleb
 10966 | D:9      | Found a glowing golden altar of the Shining One.
 11007 | D:9      | Noticed a two-headed ogre
 11025 | D:9      | Killed a two-headed ogre
 11609 | D:9      | Reached skill level 1 in Evocations
 11610 | D:9      | Noticed a centaur warrior
 11630 | D:9      | Killed a centaur warrior
 11944 | D:9      | Found a staircase to the Lair.
 12291 | D:9      | Reached XP level 11. HP: 99/99 MP: 13/13
 12337 | D:10     | Entered Level 10 of the Dungeon
 12462 | D:10     | Reached *** piety under Makhleb
 12510 | D:10     | Noticed a deep elf mage
 12590 | D:11     | Noticed a harpy
 12594 | D:11     | a harpy changed into something unseen
 12613 | D:11     | Noticed a purple ugly thing
 12621 | D:11     | Found a roughly hewn altar of Beogh.
 12920 | D:11     | Noticed a mana viper
 12921 | D:11     | Found a glowing golden altar of the Shining One.
 12932 | D:11     | Noticed a deep troll
 12932 | D:11     | a mana viper changed into a deep troll
 12949 | D:11     | a deep troll changed into an elephant
 13754 | D:10     | Reached skill level 5 in Invocations
 13779 | D:10     | Noticed a two-headed ogre
 13831 | Lair:1   | Entered Level 1 of the Lair of Beasts
 14090 | Lair:1   | Noticed a five-headed hydra
 14114 | Lair:1   | HP: 1/99 [seven-headed hydra (13)]
 14114 | Lair:1   | Slain by a seven-headed hydra

Skill      XL: |  1  2  3  4  5  6  7  8  9 10 11 |
---------------+----------------------------------+-----
Dodging        | 3 4 5 6 7 8 |  8.3
Fighting       | 4 5 6 7 8 9 |  9.9
Long Blades    | 3 4 5 6 7 8 |  8.8
Shields        | 4 5 6 8 9 |  9.1
Invocations    | 3 5 |  5.1
Evocations     | 1 2 |  2.9

Action                   |  1- 3 |  4- 6 |  7- 9 | 10-12 || total
-------------------------+-------+-------+-------+-------++-------
Melee: Long sword        |   128 |   143 |   528 |   446 ||  1245
       Tailslap          |    15 |    27 |    85 |    87 ||   214
Invok: Lesser Servant of |       |       |       |     4 ||     4
 Abil: Breathe Dispellin |       |       |    17 |     7 ||    24
Evoke: Wand              |       |       |    13 |     8 ||    21
  Use: Potion            |       |     1 |     7 |     2 ||    10
       Scroll            |       |       |     8 |    11 ||    19
 Stab: Sleeping          |     1 |     1 |     3 |       ||     5
       Paralysed         |       |       |       |     9 ||     9
  Eat: Chunk             |     2 |     6 |    14 |    13 ||    35
       Ration            |       |       |     4 |     1 ||     5
Armor: Skin              |    42 |    38 |    78 |    76 ||   234
Dodge: Dodged            |    56 |    96 |   209 |   211 ||   572
Block: Shield            |    63 |    73 |   263 |   317 ||   716
       Rpst.: Long sword |    14 |    36 |    67 |    53 ||   170
